 Dungeon Crawl Stone Soup version 0.18-a0-946-g3ac5b32 (webtiles) character file.

39 st0uf the Shield-Bearer (level 3, -1/30 HPs)
             Began as a Formicid Fighter on Dec 29, 2015.
             Killed from afar by Ijyb (3 damage)
             ... with a wand of magic darts
             ... on level 3 of the Dungeon.
             The game lasted 00:05:42 (1598 turns).

st0uf the Shield-Bearer (Formicid Fighter)          Turns: 1598, Time: 00:05:42

Health: -1/30      AC:  7    Str: 21    XL:     3   Next: 70%
Magic:  3/3        EV:  8    Int:  7    God:
Gold:   145        SH:  9    Dex: 10    Spells: 0 memorised, 2 levels left

rFire  . . .     SeeInvis +     a - +0 long sword
rCold  . . .     Gourm    .     b - +0 scale mail
rNeg   . . .     Faith    .     c - +0 shield
rPois  .         Spirit   .     (helmet unavailable)
rElec  .         Dismiss  .     (no cloak)
rCorr  .         Reflect  .     (no gloves)
SustAt .         Harm     .     (no boots)
MR     .....                    (no amulet)
Stlth  ..........               (no ring)
                                (no ring)

@: not resistant to hostile enchantments, extremely unstealthy
A: permanent stasis, dig shafts and tunnels, four strong arms, antennae 3
a: Dig, Shaft Self


You were on level 3 of the Dungeon.
You were hungry.

You visited 1 branch of the dungeon, and saw 3 of its levels.

You collected 145 gold pieces.

Inventory:

Hand Weapons
 a - a +0 long sword (weapon)
Armour
 b - a +0 scale mail (worn)
 c - a +0 shield (worn)
Scrolls
 h - 2 scrolls of teleportation {unknown}
 j - 3 scrolls of remove curse {unknown}
 k - 6 scrolls of identify {unknown}
Potions
 d - 3 potions of might
 e - a potion of heal wounds {unknown}
 g - a potion of brilliance {unknown}
 m - a potion of resistance {unknown}
 n - a potion of curing {unknown}
 p - a potion of mutation {unknown}
Comestibles
 f - 3 bread rations
 i - 2 fruits
 l - a meat ration
 q - a royal jelly


   Skills:
 + Level 3.8 Fighting
 * Level 2.3 Long Blades
 + Level 3.8 Armour
 + Level 3.9 Shields


You had 2 spell levels left.
You didn't know any spells.

Dungeon Overview and Level Annotations

Branches:
Dungeon (3/15)

Altars:
Trog

Annotations:
D:2 1 exclusion
D:3 Ijyb


Innate Abilities, Weirdness & Mutations

You are under a permanent stasis effect.
You can dig through walls and to a lower floor.
Your four strong arms can wield two-handed weapons with a shield.
You have a pair of large antennae on your head (SInv).


Message History

Ijyb zaps a wand.
The magic dart hits you!
* * * LOW HITPOINT WARNING * * *
You closely miss Ijyb.
Ijyb zaps a wand.
The magic dart hits you!
* * * LOW HITPOINT WARNING * * *
You slash Ijyb!
Ijyb is moderately wounded.
Ijyb zaps a wand.
The magic dart hits you!
* * * LOW HITPOINT WARNING * * *
You barely miss Ijyb.
Ijyb is moderately wounded.
Ijyb zaps a wand.
The magic dart hits you! You block Ijyb's attack.
You barely miss Ijyb.
Ijyb is moderately wounded.
Ijyb screams, "Me very upset!"
Ijyb zaps a wand.
The magic dart hits you!
* * * LOW HITPOINT WARNING * * *
You hit Ijyb.
Ijyb is heavily wounded.
Ijyb zaps a wand.
The magic dart hits you!
You die...

##.............
#...............
#...............
#..............>
#...............
#.............#
#.............#[
#.......@g......
#####...............
...............##.##
..........######
..........#
.........###
...........##... {
...............#
#.......###..###


You could see Ijyb.

Vanquished Creatures
  3 worms (D:2)
  A giant gecko (D:1)
  A giant cockroach (D:2)
  5 hobgoblins
  3 jackals (D:1)
  3 kobolds
  3 bats (D:1)
  2 giant newts (D:2)
  4 goblins
  4 rats
29 creatures vanquished.

Notes
Turn   | Place    | Note
--------------------------------------------------------------
     0 | D:1      | st0uf the Formicid Fighter began the quest for the Orb.
     0 | D:1      | Reached XP level 1. HP: 18/18 MP: 1/1
   288 | D:1      | Reached XP level 2. HP: 24/24 MP: 2/2
  1028 | D:2      | Reached XP level 3. HP: 26/30 MP: 3/3
  1105 | D:2      | Found a bloodstained altar of Trog.
  1587 | D:3      | Noticed Ijyb
  1597 | D:3      | HP: 1/30 [Ijyb/wand of magic darts (4)]
  1598 | D:3      | Killed from afar by Ijyb

Vault maps used:
D:1:      minmay_arrival_four_houses
D:2:      kennysheep_goblin_castle, old_standard_altar, first_bread, uniq_robin
D:3:      serial_curves, eino_curves_03, eino_curves_01, eino_curves_02,
          eino_curves_02, uniq_iyjb

Action                   || total
-------------------------++-------
Melee: Long sword        ||   117
  Eat: Chunk             ||     2
